 Dungeon Crawl Stone Soup version 0.28-a0-1435-g82390b3a13 (webtiles) character file.

Game seed: 5481942451250050985

52 KyoPewz the Digger (level 3, -8/19 HPs)
             Began as a Gargoyle Earth Elementalist on Jan 9, 2022.
             Mangled by Sigmund (9 damage)
             ... on level 2 of the Dungeon.
             The game lasted 00:06:21 (1942 turns).

KyoPewz the Digger (Gargoyle Earth Elementalist)    Turns: 1942, Time: 00:06:21

Health: -8/19      AC:  8    Str: 11    XL:     3   Next: 85%
Magic:  6/6        EV: 10    Int: 17    God:
Gold:   28         SH:  0    Dex: 10    Spells: 1/7 levels left

rFire   . . .      SeeInvis .   a - +0 dagger {short}
rCold   . . .      Faith    .   (no shield)
rNeg    + . .      Spirit   .   i - +0 ring mail
rPois   ∞          Reflect  .   (no helmet)
rElec   +          Harm     .   (no cloak)
rCorr   .          Rampage  .   (no gloves)
Will    .....                   (no boots)
Stlth   ..........              (no amulet)
HPRegen 0.06/turn               (no ring)
MPRegen 0.10/turn               (no ring)

@: confused
A: sickness immunity, AC +3, negative energy resistance 1, electricity
resistance, torment resistance 1, petrification resistance
a: no special abilities


You were on level 2 of the Dungeon.
You visited 1 branch of the dungeon, and saw 2 of its levels.

You collected 28 gold pieces.


Innate Abilities, Weirdness & Mutations

You are immune to sickness and miasma.
Your stone body is resilient. (AC +3)
You are immune to poison.
You resist negative energy. (rN+)
You are resistant to electric shocks. (rElec)
You are resistant to unholy torment.
You are immune to petrification.


   Skills:
 + Level 0.0 Armour
 - Level 1.5 Dodging
 - Level 2.1 Stealth
 - Level 2.6 Spellcasting
 * Level 0.2 Conjurations
 - Level 1.7 Transmutations
 * Level 4.4 Earth Magic


You had one spell level left.
You knew the following spells:

 Your Spells              Type           Power      Damage    Failure   Level
a - Sandblast             Erth           34%        2d9       8%          1
b - Passwall              Tmut/Erth      10%        N/A       19%         2
c - Stone Arrow           Conj/Erth      20%        3d8       45%         3

Your spell library contained the following spells:

 Spells                   Type           Power      Damage    Failure   Level
 Summon Small Mammal      Summ           8%         N/A       41%         1
 Petrify                  Tmut/Erth      12%        N/A       77%         4
 Call Canine Familiar     Summ           2%         N/A       80%         3
 Summon Guardian Golem    Hex/Summ       2%         N/A       80%         3

Inventory:

Hand Weapons
 a - a +0 dagger (weapon) {short}
   (You took it off a goblin on level 1 of the Dungeon)
Missiles
 c - 43 stones {throwing}
 d - 18 sling bullets
 g - 59 arrows
Armour
 b - a +0 robe
 i - a +0 ring mail (worn)
   (You found it on level 2 of the Dungeon)
Scrolls
 h - a scroll of enchant weapon {unknown}
Potions
 e - a potion of might {unknown}
 f - 2 potions of curing {unknown}

Dungeon Overview and Level Annotations

Branches:
Dungeon (2/15)

Altars:
Wu Jian

Annotations:
D:2 Sigmund

#.#. #######.#$ .......... #[#
#.# ######### ######.#
..##.......######## #......#
..##.#####........# #.##...#
..##.#.#.#......@.# ###.##...#
..##.#.#.#........#####........#
#....>............'............#
.......#.#........##......_....#
.......#.#.#########.###.....###
...†)....#.#########.........####
#####..............).............
....#.##############........###.#
.##.#.# #.......####.###.#


There were no monsters in sight!


Message History

You kill the kobold!
No target in view!
A dart slug comes into view.
The dart slug launches a dart at you. The slug dart misses you.
You hit the dart slug.
A bat comes into view.
The dart slug misses you.
The bat moves out of view.
You hit the dart slug. The dart slug launches a dart at you.
The slug dart hits you. 😕 HP[-1]
You take 1 damage, and now have 16/19 hp.
You hit the dart slug. You hit the dart slug. The dart slug barely misses you.
You hit the dart slug. The bat hits you but does no damage.
The dart slug briefly extends its eye-stalks.
The dart slug barely misses you.
You hit the dart slug.
You kill the dart slug!
The bat hits you but does no damage.
You hit the bat. The bat closely misses you.
You hit the bat but do no damage. The bat hits you but does no damage.
You hit the bat but do no damage.
The bat hits you but does no damage. 😕 HP[+1]
You barely miss the bat. The bat misses you. The bat closely misses you.
You hit the bat.
You kill the bat!
No target in view!
No target in view!
c - 43 stones {throwing} (gained 1)
You see here a +0 whip {mace}. 😎 HP[+2]
Your hp is fully restored (19).
You see here a +0 ring mail.
Found a stone staircase leading down.
g - 59 arrows (gained 13)
A frilled lizard comes into view.
You see here a +0 ring mail.
i - a +0 ring mail
Okay, then.
Unknown command.
You start removing your armour.
You continue taking off your +0 robe. x4
You finish taking off your +0 robe.
You start putting on your armour.
You continue putting on your +0 ring mail. x5
You finish putting on your +0 ring mail.
Okay, then.
A rat comes into view.
A hobgoblin comes into view.
The hobgoblin shouts!
You hear a shout! x2
You hit the hobgoblin. The hobgoblin hits you. 😕 HP[-1]
You take 1 damage, and now have 18/19 hp.
You hit the hobgoblin but do no damage.
Sigmund the Dreaded comes into view.
He is wielding a +3 scythe of protection and wearing a +1 robe of the Archmagi.
The rat bites you.
The hobgoblin hits you but does no damage. 😕 HP[-3]
You take 3 damage, and now have 15/19 hp.
You hit the hobgoblin.
You kill the hobgoblin!
You barely miss the rat. The rat bites you. 😮 HP[-3]
You take 3 damage, and now have 12/19 hp.
You are too injured to fight recklessly!
Unknown command.
You are too injured to fight recklessly!
You hit the rat.
You kill the rat!
Sigmund casts a spell.
Sigmund flickers and vanishes!
Deactivating autopickup; reactivate with Ctrl-A. 😮 HP[+1]
Something tries to affect you, but you resist.
A puff of flame appears from out of thin air!
The puff of flame misses you.
A puff of flame appears from out of thin air!
The puff of flame hits you but does no damage.
There is an open door here.
You are confused. 😮 HP[+1]
You are more confused.
You bump into the rock wall.
You are more confused.
You bump into the rock wall.
You bump into the rock wall.
A puff of flame appears from out of thin air!
The puff of flame hits you. 😮 HP[-4]
You take 4 damage, and now have 10/19 hp.
MASSIVE DAMAGE!! (PAUSE)
Something hits you!
* * * LOW HITPOINT WARNING * * *
😱 HP[-9]
You take 9 damage, and now have 1/19 hp.
MASSIVE DAMAGE!! (PAUSE)
Something hits you!
You die...

Skill      XL: |  1  2 |
---------------+-------+-----
Transmutations | 1 |  1.7
Earth Magic    | 4 |  4.4
Dodging        | |  1.5
Stealth        | |  2.1
Spellcasting   | |  2.6
Conjurations   | |  0.2

Action                   || total
-------------------------++-------
Melee: Unarmed           ||    11
       Dagger            ||   104
       Punch             ||     1
 Cast: Sandblast         ||    19
       Passwall          ||     2
 Stab: Sleeping          ||     1
Armor: Robe              ||    56
       Ring mail         ||     2
Dodge: Dodged            ||    85

Levels and vault maps discovered:
D:1:      lightli_arrival_chessboard, layout_loops_ring,
          dreamdust_ecumenical_altar_grove
D:2:      layout_basic, basic_altar, minmay_goblin_outpost, uniq_sigmund

Notes
Turn   | Place    | Note
-------+----------+-------------------------------------------
     0 | D:1      | KyoPewz the Gargoyle Earth Elementalist began the quest for
                  | the Orb.
     0 | D:1      | Reached XP level 1. HP: 10/10 MP: 3/3
     0 | D:1      | magus.rc [v1.9.6]
   113 | D:1      | Reached skill level 1 in Transmutations
   348 | D:1      | Reached XP level 2. HP: 12/15 MP: 3/5
   406 | D:1      | Learned a level 2 spell: Passwall
   776 | D:1      | Reached skill level 4 in Earth Magic
   818 | D:1      | Found a faded altar of an unknown god.
   821 | D:1      | You pick up a book of Callings and begin reading...
   821 | D:1      | You add the spells Summon Small Mammal, Call Canine
                  | Familiar and Summon Guardian Golem to your library.
  1222 | D:1      | Reached XP level 3. HP: 13/19 MP: 4/6
  1723 | D:2      | Learned a level 3 spell: Stone Arrow
  1778 | D:2      | Found an ornate altar of the Wu Jian Council.
  1910 | D:2      | Identified a +1 robe of the Archmagi
  1910 | D:2      | Noticed Sigmund
  1941 | D:2      | HP: 1/19 [something (9)]
  1942 | D:2      | Mangled by Sigmund

Vanquished Creatures
  An adder (D:1)
  A worm (D:2)
  2 dart slugs (D:2)
  5 bats
  2 endoplasms (D:1)
  2 giant cockroaches
  3 goblins
  3 hobgoblins
  A quokka (D:1)
  7 ball pythons
  2 frilled lizards (D:1)
  2 kobolds
  4 rats
35 creatures vanquished.

Vanquished Creatures (others)
  3 fungi (D:1)
  7 plants (D:1)
10 creatures vanquished.

Grand Total: 45 creatures vanquished

Table legend:
 A = Non-vault XP
 B = Vault XP
 C = Vault XP percentage of total XP
 D = Non-vault monster count
 E = Vault monster count
 F = Vault count percentage of total count
                 A         B        C        D         E       F
            +---------+---------+-------+---------+---------+-------
      Total |      75 |       0 |   0.0 |      35 |       0 |   0.0
            +---------+---------+-------+---------+---------+-------
        D:1 |      48 |       0 |   0.0 |      24 |       0 |   0.0
        D:2 |      27 |       0 |   0.0 |      11 |       0 |   0.0
            +---------+---------+-------+---------+---------+-------

Illustrated notes

Table legend:
 A = Kills in this place as a percentage of kills in entire the game.
 B = Kills by you in this place as a percentage of kills by you in the entire game.
 C = Kills by friends in this place as a percentage of kills by friends in the entire game.
 D = Other kills in this place as a percentage of other kills in the entire game.
 E = Experience gained in this place as a percentage of experience gained in the entire game.
 F = Experience gained in this place divided by the number of levels of this place that you have seen.
                   A       B       C       D       E      F
               +-------+-------+-------+-------+-------+----------------------
         Total | 100.0 | 100.0 |   N/A |   N/A | 100.0 |  37.5
       Dungeon | 100.0 | 100.0 |   N/A |   N/A | 100.0 |  37.5
               +-------+-------+-------+-------+-------+----------------------

Table legend: (Time is in decaauts)
 A = Elapsed time spent in this place.
 B = Non-inter-level travel time spent in this place.
 C = Inter-level travel time spent in this place.
 D = Time resting spent in this place.
 E = Time spent auto-exploring this place.
 F = Levels seen in this place.
 G = Mean time per level.
                   A        B        C        D        E       F      G
               +--------+--------+--------+--------+--------+-----+--------+
         Total |   1945 |   1864 |     81 |    429 |   1039 |   2 |  972.5 |
       Dungeon |   1945 |   1864 |     81 |    429 |   1039 |   2 |  972.5 |
               +--------+--------+--------+--------+--------+-----+--------+

Top non-repeatable levels by time:
     D:1: 1592 daAuts
     D:2: 352 daAuts
